BALTIMORE EAGLES vs MONTREAL AXION
Created - 4 novembre 2025 at 08:30
Goals
|
| BALTIMORE EAGLES |
2 |
1 |
0 |
3 |
| MONTREAL AXION |
1 |
0 |
0 |
1 |
|
Shots
|
| BALTIMORE EAGLES |
15 |
22 |
11 |
48 |
| MONTREAL AXION |
6 |
6 |
16 |
28 |
|
1st period
1. BALTIMORE EAGLES , Yegor Sidorov 2 (Alex Kannok Leipert 6, Brock McGinn 7) at 4:27
2. MONTREAL AXION , Luke Henman 1 (Mathias Laferriere 5, Tyson Barrie 4) at 8:47 (PP)
3. BALTIMORE EAGLES , Brock McGinn 8 (Avery Hayes 8, Brett Murray 7) at 11:30
Penalties :
Brett Murray (BAL) for Tripping (Minor) at 8:12, Jani Nyman (BAL) for Slashing (Minor) at 8:48, Mathias Laferriere (MTL) for Tripping (Minor) at 14:04
2nd period
4. BALTIMORE EAGLES , Roman Ahcan 3 (Jani Nyman 10, Joakim Kemell 5) at 18:59
Penalties :
Jack Matier (MTL) for Boarding (Minor) at 7:03, Isaak Phillips (MTL) for Hooking (Minor) at 13:39, Cade Webber (BAL) for Hooking (Minor) at 13:39, Isaak Phillips (MTL) for Holding (Minor) at 16:26, Cavan Fitzgerald (MTL) for Holding (Minor) at 16:41
3rd period
No Goal
Penalties :
Alex Petrovic (BAL) for Hooking (Minor) at 0:14
Goalie Stats
Ville Husso (BAL), 27 saves from 28 shots - (0,964), W, 5-5-0, 60:00 minutes
Adam Scheel (MTL), 45 saves from 48 shots - (0,938), L, 1-6-2, 60:00 minutes
Players Stats for BALTIMORE EAGLES
Player Name G A P +/- PIM S H SB GA TA FO MP PP MP PK MP
------------------------------------------------------------------------------------
Alex Kannok Leipert 0 1 1 2 0 0 1 2 0 0 0/0 26:10 3:20 2:03
Alex Petrovic 0 0 0 1 2 3 4 2 0 0 0/0 27:49 1:30 1:21
Austin Poganski 0 0 0 0 0 2 1 0 0 0 1/1 18:55 2:51 1:54
Avery Hayes 0 1 1 1 0 5 0 0 0 0 12/31 19:27 3:21 0:31
Brett Murray 0 1 1 1 2 5 11 0 0 0 0/0 20:46 3:21 2:16
Brock McGinn 1 1 2 2 0 12 0 0 0 0 2/8 24:25 3:01 2:26
Cade Webber 0 0 0 2 2 0 2 0 0 0 0/0 25:09 3:34 2:03
Hunter Drew 0 0 0 1 0 1 2 0 0 0 0/0 14:43 1:08 1:09
Jani Nyman 0 1 1 1 2 10 0 0 0 0 1/4 24:19 2:51 0:51
Joakim Kemell 0 1 1 1 0 0 1 0 0 0 0/0 13:32 0:00 1:08
Matthew Nieto 0 0 0 0 0 0 0 0 0 0 0/0 0:00 0:00 0:00
Owen Sillinger 0 0 0 0 0 3 0 0 0 0 15/24 15:49 2:51 0:00
Rhett Gardner 0 0 0 1 0 0 1 0 0 0 9/9 7:59 0:00 0:00
Robert Hagg 0 0 0 0 0 0 0 2 0 0 0/0 25:15 2:52 2:30
Roman Ahcan 1 0 1 1 0 5 0 1 0 0 4/10 11:56 0:00 0:00
Will MacKinnon 0 0 0 0 0 0 0 0 0 0 0/0 0:52 0:00 0:00
Wilmer Skoog 0 0 0 0 0 1 4 0 0 0 1/1 8:19 0:20 0:00
Yegor Sidorov 1 0 1 1 0 1 0 0 0 0 0/0 7:59 0:00 0:00
Players Stats for MONTREAL AXION
Player Name G A P +/- PIM S H SB GA TA FO MP PP MP PK MP
------------------------------------------------------------------------------------
Aaron Ness 0 0 0 0 0 0 0 2 0 0 0/0 13:12 0:06 0:28
Aku Raty 0 0 0 -1 0 0 1 0 0 0 6/14 17:10 0:00 0:10
Alexander Petrovic 0 0 0 0 0 0 1 1 0 0 0/0 22:28 2:02 2:39
Brandon Hickey 0 0 0 0 0 0 0 0 0 0 0/0 0:08 0:00 0:00
Cavan Fitzgerald 0 0 0 -1 2 2 1 2 0 0 0/0 22:38 2:31 2:15
Isaak Phillips 0 0 0 -2 4 0 5 3 0 0 0/0 14:56 0:00 1:39
Jack Matier 0 0 0 0 2 0 1 1 0 0 0/0 6:46 0:00 1:03
Jalen Luypen 0 0 0 -3 0 1 0 0 0 0 8/21 25:45 2:29 2:12
Luke Henman 1 0 1 -2 0 2 1 0 0 0 4/4 13:35 2:29 1:05
Mathias Laferriere 0 1 1 -3 2 1 2 0 0 0 2/5 26:11 2:29 0:57
Matthew Kessel 0 0 0 -2 0 2 4 2 0 0 0/0 16:38 2:02 1:17
Max McCue 0 0 0 0 0 1 1 0 0 0 1/2 13:56 0:00 0:00
Mike Hardman 0 0 0 0 0 8 0 0 0 0 2/2 16:48 2:04 0:14
Nolan Foote 0 0 0 0 0 0 0 0 0 0 1/2 2:25 0:00 0:39
Parker Bell 0 0 0 0 0 0 3 0 0 0 5/17 13:43 0:00 0:00
Reid Schaefer 0 0 0 0 0 2 1 0 0 0 1/2 23:45 2:04 2:46
Samuel Helenius 0 0 0 0 0 7 1 0 0 0 13/19 16:46 2:04 2:37
Tyson Barrie 0 1 1 -1 0 2 0 4 0 0 0/0 23:10 2:25 3:02
3 Stars
1 - Brock McGinn (BAL)
2 - Brett Murray (BAL)
3 - Ville Husso (BAL)
Power Play
BALTIMORE EAGLES - 0 on 4 Attempt(s) - 0,00%
MONTREAL AXION - 1 on 3 Attempt(s) - 33,33%
Penalty Kill
BALTIMORE EAGLES - 2 on 3 Attempt(s) - 66,67%
- Score 0 goal in Penalty Kill
MONTREAL AXION - 4 on 4 Attempt(s) - 100,00%
- Score 0 goal in Penalty Kill
Team Stat
BALTIMORE EAGLES - Hits : 27 - Faceoff Wins : 45 - Blocked Shots : 7 - Penalty Minutes : 8
MONTREAL AXION - Hits : 22 - Faceoff Wins : 43 - Blocked Shots : 15 - Penalty Minutes : 10
Official
Referees : Michael Markovic and Tim Peel
Linesman : Travis Gawryletz and Jonny Murray
Game Notes
No Game Note
BALTIMORE EAGLES
5 vs 5 Forward
Center Left Wing Right Wing Time % Phy DF OF
1 Avery Hayes Brock McGinn Brett Murray 36 1 2 2
2 Owen Sillinger Jani Nyman Austin Poganski 31 1 2 2
3 Roman Ahcan Jani Nyman Joakim Kemell 23 1 2 2
4 Rhett Gardner Yegor Sidorov Brock McGinn 10 1 2 2
5 vs 5 Defense
Defense Defense Time % Phy DF OF
1 Alex Petrovic Robert Hagg 36 1 2 2
2 Cade Webber Alex Kannok Leipert 31 1 2 2
3 Alex Petrovic Hunter Drew 23 1 2 2
4 Alex Petrovic Robert Hagg 10 1 2 2
PowerPlay Forward
Center Left Wing Right Wing Time % Phy DF OF
1 Avery Hayes Brock McGinn Brett Murray 55 1 2 2
2 Owen Sillinger Jani Nyman Austin Poganski 45 1 2 2
PowerPlay Defense
Defense Defense Time % Phy DF OF
1 Alex Petrovic Robert Hagg 55 1 2 2
2 Cade Webber Alex Kannok Leipert 45 1 2 2
Penalty Kill 4 Players Forward
Center Wing Time % Phy DF OF
1 Brock McGinn Brett Murray 55 1 2 2
2 Jani Nyman Austin Poganski 45 1 2 2
Penalty Kill 4 Players Defense
Defense Defense Time % Phy DF OF
1 Alex Petrovic Robert Hagg 55 1 2 2
2 Cade Webber Alex Kannok Leipert 45 1 2 2
Penalty Kill - 3 Players Forward
Forward Time % Phy DF OF
1 Brock McGinn 55 1 2 2
2 Brett Murray 45 1 2 2
Penalty Kill - 3 Players Defense
Defense Defense Time % Phy DF OF
1 Alex Petrovic Robert Hagg 55 1 2 2
2 Cade Webber Alex Kannok Leipert 45 1 2 2
4 vs 4 Forward
Center Wing Time % Phy DF OF
1 Brock McGinn Brett Murray 55 1 2 2
2 Avery Hayes Austin Poganski 45 1 2 2
4 vs 4 Defense
Defense Defense Time % Phy DF OF
1 Alex Petrovic Robert Hagg 55 1 2 2
2 Cade Webber Alex Kannok Leipert 45 1 2 2
Last Minutes Offensive
Center Left Wing Right Wing Defense Defense
Avery Hayes Brock McGinn Brett Murray Alex Petrovic Robert Hagg
Last Minutes Defensive
Center Left Wing Right Wing Defense Defense
Avery Hayes Brock McGinn Brett Murray Alex Petrovic Robert Hagg
Goaltenders
Starting : Ville Husso
Backup : Jiri Patera
Extra Forwards
Normal : Wilmer Skoog, Jani Nyman, Joakim Kemell - PP : Wilmer Skoog, Jani Nyman - PK : Joakim Kemell
Extra Defensemen
Normal : Alex Petrovic, Hunter Drew, Cade Webber - PP : Alex Petrovic - PK : Hunter Drew, Cade Webber
Penalty Shots
Brock McGinn, Brett Murray, Avery Hayes, Austin Poganski, Jani Nyman
Scratches
Caleb Jones (Healthy), Ben Jones (Healthy), Jaden Lipinski (Healthy), Luke Tuch (Healthy), Graham Sward (Healthy)
Riley Hughes (Healthy), T.J. Tynan (Healthy), Nikita Nesterenko (Healthy), Ozzy Wiesblatt (Healthy), Ben Gaudreau (Healthy)
MONTREAL AXION
5 vs 5 Forward
Center Left Wing Right Wing Time % Phy DF OF
1 Samuel Helenius Reid Schaefer Mike Hardman 36 1 2 2
2 Aku Raty Jalen Luypen Mathias Laferriere 31 1 2 2
3 Jalen Luypen Mathias Laferriere Luke Henman 23 1 2 2
4 Parker Bell Reid Schaefer Max McCue 10 1 2 2
5 vs 5 Defense
Defense Defense Time % Phy DF OF
1 Tyson Barrie Cavan Fitzgerald 36 1 2 2
2 Alexander Petrovic Aaron Ness 31 1 2 2
3 Jack Matier Alexander Petrovic 23 1 2 2
4 Matthew Kessel Isaak Phillips 10 1 2 2
PowerPlay Forward
Center Left Wing Right Wing Time % Phy DF OF
1 Samuel Helenius Reid Schaefer Mike Hardman 55 1 2 2
2 Luke Henman Jalen Luypen Mathias Laferriere 45 1 2 2
PowerPlay Defense
Defense Defense Time % Phy DF OF
1 Tyson Barrie Cavan Fitzgerald 55 1 2 2
2 Alexander Petrovic Matthew Kessel 45 1 2 2
Penalty Kill 4 Players Forward
Center Wing Time % Phy DF OF
1 Jalen Luypen Samuel Helenius 55 1 2 2
2 Mathias Laferriere Reid Schaefer 45 1 2 2
Penalty Kill 4 Players Defense
Defense Defense Time % Phy DF OF
1 Cavan Fitzgerald Tyson Barrie 55 1 2 2
2 Alexander Petrovic Isaak Phillips 45 1 2 2
Penalty Kill - 3 Players Forward
Forward Time % Phy DF OF
1 Reid Schaefer 55 1 2 2
2 Samuel Helenius 45 1 2 2
Penalty Kill - 3 Players Defense
Defense Defense Time % Phy DF OF
1 Cavan Fitzgerald Jack Matier 55 1 2 2
2 Alexander Petrovic Tyson Barrie 45 1 2 2
4 vs 4 Forward
Center Wing Time % Phy DF OF
1 Mathias Laferriere Mike Hardman 55 1 2 2
2 Jalen Luypen Reid Schaefer 45 1 2 2
4 vs 4 Defense
Defense Defense Time % Phy DF OF
1 Tyson Barrie Aaron Ness 55 1 2 2
2 Alexander Petrovic Cavan Fitzgerald 45 1 2 2
Last Minutes Offensive
Center Left Wing Right Wing Defense Defense
Samuel Helenius Reid Schaefer Mike Hardman Tyson Barrie Cavan Fitzgerald
Last Minutes Defensive
Center Left Wing Right Wing Defense Defense
Samuel Helenius Reid Schaefer Mike Hardman Tyson Barrie Cavan Fitzgerald
Goaltenders
Starting : Adam Scheel
Backup : Damian Clara
Extra Forwards
Normal : Reid Schaefer, Mike Hardman, Jalen Luypen - PP : Reid Schaefer, Mathias Laferriere - PK : Reid Schaefer
Extra Defensemen
Normal : Aaron Ness, Jack Matier, Alexander Petrovic - PP : Alexander Petrovic - PK : Matthew Kessel, Alexander Petrovic
Penalty Shots
Mike Hardman, Jalen Luypen, Mathias Laferriere, Reid Schaefer, Aku Raty
Scratches
Connor Clattenburg (Healthy), Josh Bloom (Healthy), Miko Matikka (Healthy)
% Time on Ice - BALTIMORE EAGLES
Lines # - Real PCT - Wanted PCT - Time Play
Normal Forward
1 - 30% - 36% - 14:23
2 - 27% - 31% - 12:58
3 - 25% - 23% - 11:56
4 - 17% - 10% - 7:59
Normal Defense
1 - 38% - 36% - 17:48
2 - 41% - 31% - 19:11
3 - 19% - 23% - 8:59
4 - 3% - 10% - 1:18
PP Forward
1 - 54% - 55% - 3:21
2 - 46% - 45% - 2:51
PP Defense
1 - 46% - 55% - 2:52
2 - 54% - 45% - 3:20
PK Forward
1 - 60% - 55% - 2:43
2 - 40% - 45% - 1:50
PK Defense
1 - 55% - 55% - 2:30
2 - 45% - 45% - 2:03
PK3 Forward
1 - 0% - 55%
2 - 0% - 45%
PK3 Defense
1 - 0% - 55%
2 - 0% - 45%
44 Forward
1 - 39% - 55% - 0:47
2 - 61% - 45% - 1:12
44 Defense
1 - 39% - 55% - 0:47
2 - 61% - 45% - 1:12
Last Minute Offensive - 0:00
Last Minute Defensive - 0:00
Total
Forward - 60:00
Defense - 60:00
|
% Time on Ice - MONTREAL AXION
Lines # - Real PCT - Wanted PCT - Time Play
Normal Forward
1 - 26% - 36% - 12:05
2 - 24% - 31% - 11:27
3 - 21% - 23% - 10:01
4 - 29% - 10% - 13:43
Normal Defense
1 - 36% - 36% - 16:48
2 - 24% - 31% - 11:25
3 - 12% - 23% - 5:44
4 - 28% - 10% - 13:19
PP Forward
1 - 45% - 55% - 2:04
2 - 55% - 45% - 2:29
PP Defense
1 - 55% - 55% - 2:31
2 - 45% - 45% - 2:02
PK Forward
1 - 51% - 55% - 2:16
2 - 49% - 45% - 2:12
PK Defense
1 - 56% - 55% - 2:31
2 - 44% - 45% - 1:57
PK3 Forward
1 - 66% - 55% - 1:09
2 - 34% - 45% - 0:35
PK3 Defense
1 - 61% - 55% - 1:03
2 - 39% - 45% - 0:41
44 Forward
1 - 81% - 55% - 1:36
2 - 19% - 45% - 0:23
44 Defense
1 - 46% - 55% - 0:55
2 - 54% - 45% - 1:04
Last Minute Offensive - 0:00
Last Minute Defensive - 0:00
Total
Forward - 60:00
Defense - 60:00
|
Play-by-Play
1st period
0:01 of 1st period - Avery Hayes wins face-off versus Samuel Helenius in neutral zone.
0:04 of 1st period - Shot by Brett Murray.
0:04 of 1st period - Stopped by Adam Scheel with a rebound.
0:06 of 1st period - Shot by Brett Murray.
0:06 of 1st period - Stopped by Adam Scheel with a rebound.
0:12 of 1st period - Shot by Brett Murray.
0:12 of 1st period - Shot Misses the Net.
0:14 of 1st period - Shot by Brock McGinn.
0:14 of 1st period - Shot Blocked by Tyson Barrie.
0:16 of 1st period - Shot by Alex Petrovic.
0:16 of 1st period - Shot Blocked by Tyson Barrie.
0:18 of 1st period - Shot by Robert Hagg.
0:18 of 1st period - Shot Misses the Net.
0:32 of 1st period - Shot by Brock McGinn.
0:32 of 1st period - Shot Misses the Net.
1:58 of 1st period - Shot by Brock McGinn.
1:58 of 1st period - Stopped by Adam Scheel with a rebound.
2:33 of 1st period - Shot by Roman Ahcan.
2:33 of 1st period - Stopped by Adam Scheel without a rebound.
2:34 of 1st period - Parker Bell wins face-off versus Avery Hayes in MONTREAL AXION zone.
2:34 of 1st period - Parker Bell is hit by Wilmer Skoog.
2:45 of 1st period - Matthew Kessel is hit by Wilmer Skoog and loses puck.
2:55 of 1st period - Shot by Brett Murray.
2:55 of 1st period - Shot Misses the Net.
3:02 of 1st period - Matthew Kessel is hit by Wilmer Skoog and loses puck.
3:25 of 1st period - Mike Hardman is hit by Alex Petrovic and loses puck.
3:41 of 1st period - Shot by Samuel Helenius.
3:41 of 1st period - Shot Blocked by Robert Hagg.
4:07 of 1st period - Shot by Mathias Laferriere.
4:07 of 1st period - Stopped by Ville Husso without a rebound.
4:08 of 1st period - Rhett Gardner wins face-off versus Jalen Luypen in BALTIMORE EAGLES zone.
4:08 of 1st period - Rhett Gardner is hit by Luke Henman.
4:25 of 1st period - Shot by Yegor Sidorov.
4:25 of 1st period - Deflect By Brock McGinn.
4:25 of 1st period - Shot Blocked by Isaak Phillips.
4:27 of 1st period - Shot by Alex Kannok Leipert.
4:27 of 1st period - Deflect By Yegor Sidorov.
4:27 of 1st period - Goal by Yegor Sidorov - BALTIMORE EAGLES : 1 - MONTREAL AXION : 0.
4:28 of 1st period - Parker Bell wins face-off versus Owen Sillinger in neutral zone.
4:41 of 1st period - Shot by Max McCue.
4:41 of 1st period - Stopped by Ville Husso without a rebound.
4:42 of 1st period - Rhett Gardner wins face-off versus Parker Bell in BALTIMORE EAGLES zone.
4:49 of 1st period - Reid Schaefer is hit by Rhett Gardner and loses puck.
5:42 of 1st period - Shot by Owen Sillinger.
5:42 of 1st period - Stopped by Adam Scheel with a rebound.
6:27 of 1st period - Shot by Samuel Helenius.
6:27 of 1st period - Stopped by Ville Husso with a rebound.
6:36 of 1st period - Samuel Helenius is hit by Hunter Drew and loses puck.
6:48 of 1st period - Icing by Hunter Drew.
6:49 of 1st period - Roman Ahcan wins face-off versus Parker Bell in BALTIMORE EAGLES zone.
7:13 of 1st period - Shot by Tyson Barrie.
7:13 of 1st period - Shot Blocked by Roman Ahcan.
7:47 of 1st period - Shot by Austin Poganski.
7:47 of 1st period - Deflect By Jani Nyman.
7:47 of 1st period - Stopped by Adam Scheel without a rebound.
7:48 of 1st period - Aku Raty wins face-off versus Avery Hayes in MONTREAL AXION zone.
7:48 of 1st period - Aku Raty is hit by Brett Murray.
8:09 of 1st period - Shot by Brock McGinn.
8:09 of 1st period - Deflect By Brett Murray.
8:09 of 1st period - Shot Blocked by Alexander Petrovic.
8:12 of 1st period - Minor Penalty to Brett Murray for Tripping.
8:13 of 1st period - Luke Henman wins face-off versus Brock McGinn in BALTIMORE EAGLES zone.
8:16 of 1st period - Shot by Tyson Barrie.
8:16 of 1st period - Stopped by Ville Husso without a rebound.
8:17 of 1st period - Luke Henman wins face-off versus Brock McGinn in BALTIMORE EAGLES zone.
8:47 of 1st period - Shot by Mathias Laferriere.
8:47 of 1st period - Deflect By Luke Henman.
8:47 of 1st period - Goal by Luke Henman - BALTIMORE EAGLES : 1 - MONTREAL AXION : 1.
8:48 of 1st period - Mike Hardman wins face-off versus Owen Sillinger in neutral zone.
8:48 of 1st period - Minor Penalty to Jani Nyman for Slashing.
8:49 of 1st period - Samuel Helenius wins face-off versus Brock McGinn in BALTIMORE EAGLES zone.
8:55 of 1st period - Samuel Helenius is hit by Cade Webber and loses puck.
9:43 of 1st period - Shot by Tyson Barrie.
9:43 of 1st period - Shot Misses the Net.
9:45 of 1st period - Shot by Cavan Fitzgerald.
9:45 of 1st period - Stopped by Ville Husso with a rebound.
10:48 of 1st period - Icing by Aaron Ness.
10:49 of 1st period - Nolan Foote wins face-off versus Roman Ahcan in MONTREAL AXION zone.
11:05 of 1st period - Off-side.
11:06 of 1st period - Avery Hayes wins face-off versus Jalen Luypen in neutral zone.
11:28 of 1st period - Shot by Avery Hayes.
11:28 of 1st period - Shot Misses the Net.
11:30 of 1st period - Shot by Brock McGinn.
11:30 of 1st period - Goal by Brock McGinn - BALTIMORE EAGLES : 2 - MONTREAL AXION : 1.
11:31 of 1st period - Max McCue wins face-off versus Owen Sillinger in neutral zone.
11:46 of 1st period - Shot by Max McCue.
11:46 of 1st period - Shot Misses the Net.
11:56 of 1st period - Shot by Owen Sillinger.
11:56 of 1st period - Shot Blocked by Aaron Ness.
11:58 of 1st period - Shot by Jani Nyman.
11:58 of 1st period - Stopped by Adam Scheel with a rebound.
12:26 of 1st period - Shot by Brock McGinn.
12:26 of 1st period - Deflect By Brett Murray.
12:26 of 1st period - Shot Misses the Net.
12:52 of 1st period - Matthew Kessel is hit by Brett Murray and loses puck.
13:31 of 1st period - Samuel Helenius is hit by Joakim Kemell and loses puck.
13:40 of 1st period - Shot by Jani Nyman.
13:40 of 1st period - Deflect By Joakim Kemell.
13:40 of 1st period - Shot Hit the Post.
14:04 of 1st period - Minor Penalty to Mathias Laferriere for Tripping.
14:05 of 1st period - Owen Sillinger wins face-off versus Jalen Luypen in MONTREAL AXION zone.
14:18 of 1st period - Shot by Jani Nyman.
14:18 of 1st period - Stopped by Adam Scheel without a rebound.
14:19 of 1st period - Jalen Luypen wins face-off versus Avery Hayes in MONTREAL AXION zone.
14:43 of 1st period - Shot by Avery Hayes.
14:43 of 1st period - Shot Blocked by Tyson Barrie.
15:15 of 1st period - Shot by Owen Sillinger.
15:15 of 1st period - Shot Blocked by Isaak Phillips.
16:20 of 1st period - Brock McGinn is hit by Jack Matier and loses puck.
17:04 of 1st period - Off-side.
17:05 of 1st period - Jalen Luypen wins face-off versus Avery Hayes in neutral zone.
17:26 of 1st period - Tyson Barrie is hit by Brett Murray and loses puck.
17:32 of 1st period - Icing by Jalen Luypen.
17:33 of 1st period - Jalen Luypen wins face-off versus Owen Sillinger in MONTREAL AXION zone.
17:33 of 1st period - Jalen Luypen is hit by Austin Poganski.
17:56 of 1st period - Shot by Austin Poganski.
17:56 of 1st period - Shot Misses the Net.
17:58 of 1st period - Shot by Jani Nyman.
17:58 of 1st period - Shot Misses the Net.
18:00 of 1st period - Shot by Alex Petrovic.
18:00 of 1st period - Stopped by Adam Scheel without a rebound.
18:01 of 1st period - Samuel Helenius wins face-off versus Brock McGinn in MONTREAL AXION zone.
18:12 of 1st period - Shot by Brock McGinn.
18:12 of 1st period - Stopped by Adam Scheel with a rebound.
18:21 of 1st period - Avery Hayes is hit by Isaak Phillips and loses puck.
18:24 of 1st period - Shot by Brett Murray.
18:24 of 1st period - Stopped by Adam Scheel without a rebound.
18:25 of 1st period - Roman Ahcan wins face-off versus Aku Raty in MONTREAL AXION zone.
18:34 of 1st period - Shot by Roman Ahcan.
18:34 of 1st period - Stopped by Adam Scheel with a rebound.
18:44 of 1st period - Shot by Mathias Laferriere.
18:44 of 1st period - Shot Blocked by Alex Petrovic.
19:32 of 1st period - Shot by Avery Hayes.
19:32 of 1st period - Stopped by Adam Scheel without a rebound.
19:33 of 1st period - Rhett Gardner wins face-off versus Jalen Luypen in MONTREAL AXION zone.
Goals for this period are 2 for BALTIMORE EAGLES vs 1 for MONTREAL AXION.
Shots for this period are 15 for BALTIMORE EAGLES vs 6 for MONTREAL AXION.
2nd period
0:01 of 2nd period - Samuel Helenius wins face-off versus Owen Sillinger in neutral zone.
0:12 of 2nd period - Shot by Jani Nyman.
0:12 of 2nd period - Stopped by Adam Scheel without a rebound.
0:13 of 2nd period - Aku Raty wins face-off versus Avery Hayes in MONTREAL AXION zone.
0:19 of 2nd period - Tyson Barrie is hit by Brett Murray and loses puck.
0:28 of 2nd period - Shot by Avery Hayes.
0:28 of 2nd period - Shot Misses the Net.
0:30 of 2nd period - Shot by Brock McGinn.
0:30 of 2nd period - Stopped by Adam Scheel with a rebound.
0:32 of 2nd period - Shot by Brock McGinn.
0:32 of 2nd period - Deflect By Avery Hayes.
0:32 of 2nd period - Shot Misses the Net.
0:34 of 2nd period - Shot by Brock McGinn.
0:34 of 2nd period - Stopped by Adam Scheel without a rebound.
0:35 of 2nd period - Samuel Helenius wins face-off versus Owen Sillinger in MONTREAL AXION zone.
0:40 of 2nd period - Shot by Mike Hardman.
0:40 of 2nd period - Shot Misses the Net.
0:56 of 2nd period - Shot by Jani Nyman.
0:56 of 2nd period - Shot Hit the Post.
0:58 of 2nd period - Shot by Alex Petrovic.
0:58 of 2nd period - Stopped by Adam Scheel without a rebound.
0:59 of 2nd period - Aku Raty wins face-off versus Avery Hayes in MONTREAL AXION zone.
1:09 of 2nd period - Off-side.
1:10 of 2nd period - Jalen Luypen wins face-off versus Roman Ahcan in neutral zone.
1:10 of 2nd period - Jalen Luypen is hit by Alex Petrovic.
1:20 of 2nd period - Shot by Mathias Laferriere.
1:20 of 2nd period - Deflect By Luke Henman.
1:20 of 2nd period - Shot Misses the Net.
1:39 of 2nd period - Shot by Jack Matier.
1:39 of 2nd period - Shot Misses the Net.
1:49 of 2nd period - Shot by Roman Ahcan.
1:49 of 2nd period - Shot Blocked by Jack Matier.
2:10 of 2nd period - Mike Hardman is hit by Brett Murray and loses puck.
2:20 of 2nd period - Shot by Reid Schaefer.
2:20 of 2nd period - Shot Misses the Net.
2:22 of 2nd period - Shot by Samuel Helenius.
2:22 of 2nd period - Stopped by Ville Husso with a rebound.
2:24 of 2nd period - Shot by Mike Hardman.
2:24 of 2nd period - Shot Misses the Net.
2:26 of 2nd period - Shot by Mike Hardman.
2:26 of 2nd period - Stopped by Ville Husso without a rebound.
2:27 of 2nd period - Parker Bell wins face-off versus Owen Sillinger in BALTIMORE EAGLES zone.
2:51 of 2nd period - Owen Sillinger is hit by Matthew Kessel and loses puck.
3:34 of 2nd period - Icing by Jalen Luypen.
3:35 of 2nd period - Avery Hayes wins face-off versus Aku Raty in MONTREAL AXION zone.
3:50 of 2nd period - Shot by Brett Murray.
3:50 of 2nd period - Stopped by Adam Scheel without a rebound.
3:51 of 2nd period - Rhett Gardner wins face-off versus Samuel Helenius in MONTREAL AXION zone.
4:16 of 2nd period - Shot by Samuel Helenius.
4:16 of 2nd period - Shot Misses the Net.
5:01 of 2nd period - Icing by Robert Hagg.
5:02 of 2nd period - Roman Ahcan wins face-off versus Parker Bell in BALTIMORE EAGLES zone.
5:02 of 2nd period - Roman Ahcan is hit by Parker Bell.
5:07 of 2nd period - Robert Hagg is hit by Parker Bell and loses puck.
5:22 of 2nd period - Shot by Mike Hardman.
5:22 of 2nd period - Shot Misses the Net.
5:48 of 2nd period - Robert Hagg is hit by Alexander Petrovic and loses puck.
6:03 of 2nd period - Shot by Mathias Laferriere.
6:03 of 2nd period - Shot Misses the Net.
6:40 of 2nd period - Shot by Owen Sillinger.
6:40 of 2nd period - Shot Misses the Net.
6:42 of 2nd period - Shot by Jani Nyman.
6:42 of 2nd period - Stopped by Adam Scheel without a rebound.
6:43 of 2nd period - Avery Hayes wins face-off versus Parker Bell in MONTREAL AXION zone.
6:50 of 2nd period - Shot by Avery Hayes.
6:50 of 2nd period - Stopped by Adam Scheel without a rebound.
6:51 of 2nd period - Owen Sillinger wins face-off versus Jalen Luypen in MONTREAL AXION zone.
6:52 of 2nd period - Shot by Jani Nyman.
6:52 of 2nd period - Shot Misses the Net.
6:54 of 2nd period - Shot by Austin Poganski.
6:54 of 2nd period - Shot Misses the Net.
7:03 of 2nd period - Minor Penalty to Jack Matier for Boarding.
7:04 of 2nd period - Avery Hayes wins face-off versus Jalen Luypen in MONTREAL AXION zone.
7:05 of 2nd period - Shot by Brock McGinn.
7:05 of 2nd period - Stopped by Adam Scheel without a rebound.
7:06 of 2nd period - Jalen Luypen wins face-off versus Avery Hayes in MONTREAL AXION zone.
7:06 of 2nd period - Jalen Luypen is hit by Brett Murray.
7:30 of 2nd period - Shot by Brett Murray.
7:30 of 2nd period - Shot Blocked by Cavan Fitzgerald.
7:32 of 2nd period - Shot by Avery Hayes.
7:32 of 2nd period - Shot Misses the Net.
8:10 of 2nd period - Off-side.
8:11 of 2nd period - Owen Sillinger wins face-off versus Jalen Luypen in neutral zone.
8:16 of 2nd period - Shot by Jani Nyman.
8:16 of 2nd period - Shot Blocked by Tyson Barrie.
8:59 of 2nd period - Shot by Avery Hayes.
8:59 of 2nd period - Stopped by Adam Scheel without a rebound.
9:00 of 2nd period - Avery Hayes wins face-off versus Jalen Luypen in MONTREAL AXION zone.
9:01 of 2nd period - Shot by Brett Murray.
9:01 of 2nd period - Stopped by Adam Scheel with a rebound.
9:03 of 2nd period - Shot by Brock McGinn.
9:03 of 2nd period - Shot Misses the Net.
9:05 of 2nd period - Shot by Roman Ahcan.
9:05 of 2nd period - Stopped by Adam Scheel with a rebound.
9:07 of 2nd period - Shot by Alex Petrovic.
9:07 of 2nd period - Stopped by Adam Scheel without a rebound.
9:08 of 2nd period - Aku Raty wins face-off versus Roman Ahcan in MONTREAL AXION zone.
9:08 of 2nd period - Aku Raty is hit by Alex Kannok Leipert.
9:48 of 2nd period - Alex Petrovic is hit by Mathias Laferriere and loses puck.
9:58 of 2nd period - Brett Murray is hit by Samuel Helenius and loses puck.
10:05 of 2nd period - Shot by Samuel Helenius.
10:05 of 2nd period - Stopped by Ville Husso without a rebound.
10:06 of 2nd period - Rhett Gardner wins face-off versus Max McCue in BALTIMORE EAGLES zone.
10:06 of 2nd period - Rhett Gardner is hit by Max McCue.
10:30 of 2nd period - Shot by Yegor Sidorov.
10:30 of 2nd period - Shot Misses the Net.
10:53 of 2nd period - Shot by Jani Nyman.
10:53 of 2nd period - Stopped by Adam Scheel without a rebound.
10:54 of 2nd period - Owen Sillinger wins face-off versus Aku Raty in MONTREAL AXION zone.
11:01 of 2nd period - Off-side.
11:02 of 2nd period - Owen Sillinger wins face-off versus Aku Raty in neutral zone.
11:07 of 2nd period - Shot by Jani Nyman.
11:07 of 2nd period - Stopped by Adam Scheel with a rebound.
11:15 of 2nd period - Shot by Jani Nyman.
11:15 of 2nd period - Stopped by Adam Scheel without a rebound.
11:16 of 2nd period - Jalen Luypen wins face-off versus Roman Ahcan in MONTREAL AXION zone.
12:01 of 2nd period - Off-side.
12:02 of 2nd period - Samuel Helenius wins face-off versus Avery Hayes in neutral zone.
12:30 of 2nd period - Shot by Avery Hayes.
12:30 of 2nd period - Stopped by Adam Scheel without a rebound.
12:31 of 2nd period - Rhett Gardner wins face-off versus Parker Bell in MONTREAL AXION zone.
12:37 of 2nd period - Yegor Sidorov is hit by Matthew Kessel and loses puck.
12:46 of 2nd period - Shot by Yegor Sidorov.
12:46 of 2nd period - Shot Misses the Net.
12:52 of 2nd period - Shot by Brock McGinn.
12:52 of 2nd period - Stopped by Adam Scheel with a rebound.
12:57 of 2nd period - Brock McGinn is hit by Isaak Phillips and loses puck.
13:07 of 2nd period - Icing by Matthew Kessel.
13:08 of 2nd period - Owen Sillinger wins face-off versus Parker Bell in MONTREAL AXION zone.
13:17 of 2nd period - Icing by Isaak Phillips.
13:18 of 2nd period - Owen Sillinger wins face-off versus Parker Bell in MONTREAL AXION zone.
13:18 of 2nd period - Jani Nyman is hit by Isaak Phillips and loses puck.
13:30 of 2nd period - Shot by Austin Poganski.
13:30 of 2nd period - Shot Misses the Net.
13:39 of 2nd period - Minor Penalty to Isaak Phillips for Hooking.
13:39 of 2nd period - Minor Penalty to Cade Webber for Hooking.
13:40 of 2nd period - Brock McGinn wins face-off versus Mathias Laferriere in MONTREAL AXION zone.
14:03 of 2nd period - Shot by Mike Hardman.
14:03 of 2nd period - Stopped by Ville Husso with a rebound.
14:09 of 2nd period - Shot by Mathias Laferriere.
14:09 of 2nd period - Shot Misses the Net.
14:11 of 2nd period - Shot by Tyson Barrie.
14:11 of 2nd period - Stopped by Ville Husso without a rebound.
14:12 of 2nd period - Avery Hayes wins face-off versus Mathias Laferriere in BALTIMORE EAGLES zone.
14:19 of 2nd period - Shot by Austin Poganski.
14:19 of 2nd period - Stopped by Adam Scheel without a rebound.
14:20 of 2nd period - Mathias Laferriere wins face-off versus Avery Hayes in MONTREAL AXION zone.
14:42 of 2nd period - Mathias Laferriere is hit by Hunter Drew and loses puck.
15:42 of 2nd period - Shot by Matthew Kessel.
15:42 of 2nd period - Stopped by Ville Husso with a rebound.
15:53 of 2nd period - Roman Ahcan is hit by Isaak Phillips and loses puck.
15:57 of 2nd period - Jani Nyman is hit by Matthew Kessel and loses puck.
16:09 of 2nd period - Icing by Matthew Kessel.
16:10 of 2nd period - Rhett Gardner wins face-off versus Parker Bell in MONTREAL AXION zone.
16:17 of 2nd period - Shot by Yegor Sidorov.
16:17 of 2nd period - Shot Blocked by Matthew Kessel.
16:26 of 2nd period - Minor Penalty to Isaak Phillips for Holding.
16:27 of 2nd period - Owen Sillinger wins face-off versus Jalen Luypen in MONTREAL AXION zone.
16:32 of 2nd period - Shot by Austin Poganski.
16:32 of 2nd period - Deflect By Owen Sillinger.
16:32 of 2nd period - Shot Blocked by Cavan Fitzgerald.
16:34 of 2nd period - Shot by Jani Nyman.
16:34 of 2nd period - Shot Misses the Net.
16:36 of 2nd period - Shot by Jani Nyman.
16:36 of 2nd period - Shot Misses the Net.
16:41 of 2nd period - Minor Penalty to Cavan Fitzgerald for Holding.
16:42 of 2nd period - Reid Schaefer wins face-off versus Avery Hayes in MONTREAL AXION zone.
16:42 of 2nd period - Reid Schaefer is hit by Brett Murray.
17:27 of 2nd period - Icing by Brett Murray.
17:28 of 2nd period - Avery Hayes wins face-off versus Samuel Helenius in BALTIMORE EAGLES zone.
17:33 of 2nd period - Tyson Barrie is hit by Brett Murray and loses puck.
17:54 of 2nd period - Shot by Austin Poganski.
17:54 of 2nd period - Stopped by Adam Scheel without a rebound.
17:55 of 2nd period - Owen Sillinger wins face-off versus Reid Schaefer in MONTREAL AXION zone.
18:20 of 2nd period - Shot by Owen Sillinger.
18:20 of 2nd period - Stopped by Adam Scheel without a rebound.
18:21 of 2nd period - Samuel Helenius wins face-off versus Avery Hayes in MONTREAL AXION zone.
18:30 of 2nd period - Shot by Brett Murray.
18:30 of 2nd period - Shot Misses the Net.
18:37 of 2nd period - Icing by Brett Murray.
18:38 of 2nd period - Avery Hayes wins face-off versus Jalen Luypen in BALTIMORE EAGLES zone.
18:55 of 2nd period - Shot by Roman Ahcan.
18:55 of 2nd period - Stopped by Adam Scheel with a rebound.
18:57 of 2nd period - Shot by Jani Nyman.
18:57 of 2nd period - Shot Misses the Net.
18:59 of 2nd period - Shot by Roman Ahcan.
18:59 of 2nd period - Goal by Roman Ahcan - BALTIMORE EAGLES : 3 - MONTREAL AXION : 1.
19:00 of 2nd period - Owen Sillinger wins face-off versus Samuel Helenius in neutral zone.
19:05 of 2nd period - Samuel Helenius is hit by Alex Petrovic.
19:47 of 2nd period - Icing by Alex Petrovic.
19:48 of 2nd period - Owen Sillinger wins face-off versus Aku Raty in BALTIMORE EAGLES zone.
19:52 of 2nd period - Jani Nyman is hit by Aku Raty and loses puck.
Goals for this period are 1 for BALTIMORE EAGLES vs 0 for MONTREAL AXION.
Shots for this period are 22 for BALTIMORE EAGLES vs 6 for MONTREAL AXION.
3rd period
0:01 of 3rd period - Mike Hardman wins face-off versus Avery Hayes in neutral zone.
0:07 of 3rd period - Mike Hardman is hit by Alex Petrovic and loses puck.
0:11 of 3rd period - Icing by Alex Petrovic.
0:12 of 3rd period - Mathias Laferriere wins face-off versus Avery Hayes in BALTIMORE EAGLES zone.
0:14 of 3rd period - Minor Penalty to Alex Petrovic for Hooking.
0:15 of 3rd period - Samuel Helenius wins face-off versus Brock McGinn in BALTIMORE EAGLES zone.
0:30 of 3rd period - Shot by Tyson Barrie.
0:30 of 3rd period - Deflect By Mike Hardman.
0:30 of 3rd period - Shot Blocked by Robert Hagg.
0:32 of 3rd period - Shot by Mike Hardman.
0:32 of 3rd period - Stopped by Ville Husso without a rebound.
0:33 of 3rd period - Luke Henman wins face-off versus Brock McGinn in BALTIMORE EAGLES zone.
0:36 of 3rd period - Shot by Mathias Laferriere.
0:36 of 3rd period - Shot Misses the Net.
1:07 of 3rd period - Shot by Luke Henman.
1:07 of 3rd period - Stopped by Ville Husso without a rebound.
1:08 of 3rd period - Samuel Helenius wins face-off versus Jani Nyman in BALTIMORE EAGLES zone.
1:24 of 3rd period - Icing by Cavan Fitzgerald.
1:25 of 3rd period - Brock McGinn wins face-off versus Samuel Helenius in MONTREAL AXION zone.
1:40 of 3rd period - Shot by Samuel Helenius.
1:40 of 3rd period - Shot Misses the Net.
1:42 of 3rd period - Shot by Cavan Fitzgerald.
1:42 of 3rd period - Stopped by Ville Husso without a rebound.
1:43 of 3rd period - Jani Nyman wins face-off versus Mathias Laferriere in BALTIMORE EAGLES zone.
1:54 of 3rd period - Shot by Jalen Luypen.
1:54 of 3rd period - Shot Misses the Net.
1:56 of 3rd period - Shot by Matthew Kessel.
1:56 of 3rd period - Shot Misses the Net.
1:58 of 3rd period - Shot by Jalen Luypen.
1:58 of 3rd period - Stopped by Ville Husso without a rebound.
1:59 of 3rd period - Luke Henman wins face-off versus Jani Nyman in BALTIMORE EAGLES zone.
2:04 of 3rd period - Shot by Tyson Barrie.
2:04 of 3rd period - Shot Blocked by Alex Kannok Leipert.
2:06 of 3rd period - Shot by Tyson Barrie.
2:06 of 3rd period - Shot Misses the Net.
2:18 of 3rd period - Shot by Reid Schaefer.
2:18 of 3rd period - Stopped by Ville Husso without a rebound.
2:19 of 3rd period - Samuel Helenius wins face-off versus Avery Hayes in BALTIMORE EAGLES zone.
2:26 of 3rd period - Shot by Samuel Helenius.
2:26 of 3rd period - Shot Misses the Net.
2:28 of 3rd period - Shot by Alexander Petrovic.
2:28 of 3rd period - Shot Misses the Net.
2:30 of 3rd period - Shot by Samuel Helenius.
2:30 of 3rd period - Stopped by Ville Husso without a rebound.
2:31 of 3rd period - Aku Raty wins face-off versus Owen Sillinger in BALTIMORE EAGLES zone.
2:31 of 3rd period - Tyson Barrie is hit by Cade Webber and loses puck.
2:50 of 3rd period - Shot by Jani Nyman.
2:50 of 3rd period - Stopped by Adam Scheel with a rebound.
2:53 of 3rd period - Icing by Tyson Barrie.
2:54 of 3rd period - Avery Hayes wins face-off versus Aku Raty in MONTREAL AXION zone.
3:11 of 3rd period - Shot by Avery Hayes.
3:11 of 3rd period - Stopped by Adam Scheel without a rebound.
3:12 of 3rd period - Samuel Helenius wins face-off versus Jani Nyman in MONTREAL AXION zone.
4:06 of 3rd period - Shot by Matthew Kessel.
4:06 of 3rd period - Stopped by Ville Husso with a rebound.
4:22 of 3rd period - Shot by Brett Murray.
4:22 of 3rd period - Shot Blocked by Matthew Kessel.
4:47 of 3rd period - Icing by Alex Petrovic.
4:48 of 3rd period - Avery Hayes wins face-off versus Parker Bell in BALTIMORE EAGLES zone.
4:48 of 3rd period - Brock McGinn is hit by Reid Schaefer.
6:21 of 3rd period - Shot by Wilmer Skoog.
6:21 of 3rd period - Stopped by Adam Scheel without a rebound.
6:22 of 3rd period - Samuel Helenius wins face-off versus Owen Sillinger in MONTREAL AXION zone.
6:27 of 3rd period - Shot by Mike Hardman.
6:27 of 3rd period - Stopped by Ville Husso without a rebound.
6:28 of 3rd period - Samuel Helenius wins face-off versus Avery Hayes in BALTIMORE EAGLES zone.
6:31 of 3rd period - Shot by Mike Hardman.
6:31 of 3rd period - Stopped by Ville Husso without a rebound.
6:32 of 3rd period - Samuel Helenius wins face-off versus Avery Hayes in BALTIMORE EAGLES zone.
6:41 of 3rd period - Shot by Samuel Helenius.
6:41 of 3rd period - Deflect By Mike Hardman.
6:41 of 3rd period - Stopped by Ville Husso without a rebound.
6:42 of 3rd period - Owen Sillinger wins face-off versus Jalen Luypen in BALTIMORE EAGLES zone.
6:48 of 3rd period - Icing by Owen Sillinger.
6:49 of 3rd period - Austin Poganski wins face-off versus Aku Raty in BALTIMORE EAGLES zone.
7:18 of 3rd period - Shot by Jani Nyman.
7:18 of 3rd period - Shot Misses the Net.
7:20 of 3rd period - Shot by Jani Nyman.
7:20 of 3rd period - Deflect By Owen Sillinger.
7:20 of 3rd period - Shot Misses the Net.
7:22 of 3rd period - Shot by Austin Poganski.
7:22 of 3rd period - Shot Misses the Net.
7:43 of 3rd period - Jack Matier is hit by Brett Murray and loses puck.
8:00 of 3rd period - Shot by Tyson Barrie.
8:00 of 3rd period - Shot Misses the Net.
8:02 of 3rd period - Shot by Samuel Helenius.
8:02 of 3rd period - Shot Misses the Net.
8:04 of 3rd period - Shot by Mike Hardman.
8:04 of 3rd period - Shot Misses the Net.
8:06 of 3rd period - Shot by Samuel Helenius.
8:06 of 3rd period - Stopped by Ville Husso with a rebound.
8:10 of 3rd period - Shot by Samuel Helenius.
8:10 of 3rd period - Stopped by Ville Husso without a rebound.
8:11 of 3rd period - Parker Bell wins face-off versus Roman Ahcan in BALTIMORE EAGLES zone.
8:14 of 3rd period - Shot by Reid Schaefer.
8:14 of 3rd period - Shot Blocked by Alex Petrovic.
8:16 of 3rd period - Shot by Reid Schaefer.
8:16 of 3rd period - Stopped by Ville Husso with a rebound.
8:34 of 3rd period - Shot by Roman Ahcan.
8:34 of 3rd period - Shot Misses the Net.
9:03 of 3rd period - Icing by Brock McGinn.
9:04 of 3rd period - Rhett Gardner wins face-off versus Jalen Luypen in BALTIMORE EAGLES zone.
9:09 of 3rd period - Shot by Brock McGinn.
9:09 of 3rd period - Shot Misses the Net.
9:17 of 3rd period - Shot by Brock McGinn.
9:17 of 3rd period - Shot Misses the Net.
10:09 of 3rd period - Shot by Jani Nyman.
10:09 of 3rd period - Stopped by Adam Scheel with a rebound.
10:11 of 3rd period - Shot by Austin Poganski.
10:11 of 3rd period - Shot Misses the Net.
10:13 of 3rd period - Shot by Jani Nyman.
10:13 of 3rd period - Shot Misses the Net.
10:15 of 3rd period - Shot by Owen Sillinger.
10:15 of 3rd period - Shot Misses the Net.
11:30 of 3rd period - Yegor Sidorov is hit by Isaak Phillips and loses puck.
11:48 of 3rd period - Brock McGinn is hit by Matthew Kessel and loses puck.
12:22 of 3rd period - Icing by Alex Petrovic.
12:23 of 3rd period - Owen Sillinger wins face-off versus Samuel Helenius in BALTIMORE EAGLES zone.
13:17 of 3rd period - Off-side.
13:18 of 3rd period - Rhett Gardner wins face-off versus Jalen Luypen in neutral zone.
13:21 of 3rd period - Shot by Hunter Drew.
13:21 of 3rd period - Stopped by Adam Scheel without a rebound.
13:22 of 3rd period - Aku Raty wins face-off versus Avery Hayes in MONTREAL AXION zone.
13:43 of 3rd period - Shot by Brock McGinn.
13:43 of 3rd period - Stopped by Adam Scheel with a rebound.
13:57 of 3rd period - Tyson Barrie is hit by Brett Murray and loses puck.
14:19 of 3rd period - Off-side.
14:20 of 3rd period - Owen Sillinger wins face-off versus Nolan Foote in neutral zone.
14:38 of 3rd period - Matthew Kessel is hit by Wilmer Skoog and loses puck.
14:42 of 3rd period - Off-side.
14:43 of 3rd period - Roman Ahcan wins face-off versus Parker Bell in neutral zone.
14:56 of 3rd period - Shot by Jani Nyman.
14:56 of 3rd period - Shot Blocked by Aaron Ness.
14:58 of 3rd period - Shot by Roman Ahcan.
14:58 of 3rd period - Shot Misses the Net.
15:26 of 3rd period - Shot by Brock McGinn.
15:26 of 3rd period - Stopped by Adam Scheel without a rebound.
15:27 of 3rd period - Jalen Luypen wins face-off versus Avery Hayes in MONTREAL AXION zone.
15:27 of 3rd period - Jalen Luypen is hit by Brett Murray.
15:45 of 3rd period - Shot by Brock McGinn.
15:45 of 3rd period - Stopped by Adam Scheel with a rebound.
15:53 of 3rd period - Shot by Brock McGinn.
15:53 of 3rd period - Stopped by Adam Scheel with a rebound.
16:09 of 3rd period - Shot by Owen Sillinger.
16:09 of 3rd period - Shot Blocked by Isaak Phillips.
16:49 of 3rd period - Shot by Samuel Helenius.
16:49 of 3rd period - Shot Misses the Net.
16:53 of 3rd period - Shot by Mike Hardman.
16:53 of 3rd period - Stopped by Ville Husso without a rebound.
16:54 of 3rd period - Parker Bell wins face-off versus Avery Hayes in BALTIMORE EAGLES zone.
17:03 of 3rd period - Shot by Brock McGinn.
17:03 of 3rd period - Stopped by Adam Scheel without a rebound.
17:04 of 3rd period - Avery Hayes wins face-off versus Parker Bell in MONTREAL AXION zone.
17:41 of 3rd period - Icing by Alex Petrovic.
17:42 of 3rd period - Wilmer Skoog wins face-off versus Aku Raty in BALTIMORE EAGLES zone.
17:48 of 3rd period - Brett Murray is hit by Cavan Fitzgerald.
18:39 of 3rd period - Shot by Mike Hardman.
18:39 of 3rd period - Stopped by Ville Husso with a rebound.
18:41 of 3rd period - Shot by Mike Hardman.
18:41 of 3rd period - Shot Blocked by Alex Kannok Leipert.
18:43 of 3rd period - Shot by Isaak Phillips.
18:43 of 3rd period - Deflect By Samuel Helenius.
18:43 of 3rd period - Stopped by Ville Husso without a rebound.
18:44 of 3rd period - Owen Sillinger wins face-off versus Parker Bell in BALTIMORE EAGLES zone.
18:44 of 3rd period - Jani Nyman is hit by Parker Bell and loses puck.
19:02 of 3rd period - Shot by Owen Sillinger.
19:02 of 3rd period - Stopped by Adam Scheel without a rebound.
19:03 of 3rd period - Jalen Luypen wins face-off versus Roman Ahcan in MONTREAL AXION zone.
19:24 of 3rd period - Shot by Jani Nyman.
19:24 of 3rd period - Shot Misses the Net.
19:47 of 3rd period - Brock McGinn is hit by Mathias Laferriere and loses puck.
Goals for this period are 0 for BALTIMORE EAGLES vs 0 for MONTREAL AXION.
Shots for this period are 11 for BALTIMORE EAGLES vs 16 for MONTREAL AXION.
Back to the Top